 Dungeon Crawl Stone Soup version 0.31-a0-1002-g8e65716e6e (webtiles) character file.

Game seed: 8031594275935746989

166 Azuregosa the Sneak (level 5, 0/36 HPs)
             Began as an Octopode Delver on Nov 10, 2023.
             Slain by an orc
             ... wielding a +0 mace
              (5 damage)
             ... on level 4 of the Dungeon.
             The game lasted 00:02:58 (585 turns).

Azuregosa the Sneak (Octopode Delver)                Turns: 585, Time: 00:02:58

Health: 0/36       AC:  1    Str: 11    XL:     5   Next: 47%
Magic:  8/8        EV: 13    Int: 15    God:
Gold:   29         SH:  5    Dex: 13    Spells: 7/8 levels left

rFire   . . .        l - +1 whip (venom)
rCold   . . .        (no shield)
rNeg    . . .        (helmet restricted)
rPois   .            g - amulet of reflection
rElec   .            (no ring)
rCorr   .            (no ring)
SInv    .            (no ring)
Will    .....        (no ring)
Stlth   +++++        (no ring)
HPRegen 0.26/turn    (no ring)
MPRegen 0.11/turn    (no ring)
                     (no ring)

%: reflection
@: no status effects
A: almost no armour, amphibious, 8 rings, camouflage 1, gelatinous body 1,
(nimble swimmer 1), tentacles
a: no special abilities


You were on level 4 of the Dungeon.
You visited 1 branch of the dungeon, and saw 2 of its levels.

You collected 29 gold pieces.

Inventory:

Hand Weapons
 l - a +1 whip of venom (weapon)
Jewellery
 g - an amulet of reflection (around mantle)
Wands
 e - a wand of digging (3)
 i - a wand of light (14)
Scrolls
 a - a scroll of fog
 c - a scroll of fear
 f - a scroll of identify {unknown}
Potions
 b - a potion of degeneration {unknown}
 d - a potion of haste
 h - a potion of curing {unknown}
 j - a potion of attraction {unknown}
 k - a potion of brilliance {unknown}


   Skills:
 - Level 3.0 Fighting
 - Level 2.0 Dodging
 - Level 7.8 Stealth
 - Level 2.0 Unarmed Combat
 + Level 2.4 Spellcasting
 + Level 2.7 Summonings


You had 7 spell levels left.
You knew the following spells:

 Your Spells              Type           Power      Damage    Failure   Level
a - Summon Small Mammal   Summ           40%        N/A       7%          1

Your spell library contained the following spells:

 Spells                   Type           Power      Damage    Failure   Level
 Call Canine Familiar     Summ           10%        N/A       21%         3
 Summon Guardian Golem    Hex/Summ       5%         N/A       36%         3


Dungeon Overview and Level Annotations

Branches:
Dungeon (5/15)
 Temple: D:4-7

Altars:


Innate Abilities, Weirdness & Mutations

You cannot wear most types of armour.
You are amphibious.
You can wear up to eight rings at the same time.
Your skin changes colour to match your surroundings (Stealth+).
Your rubbery body absorbs attacks. (AC +1, EV +1)
((You are camouflaged when in or above water. (Stealth+)))
You have tentacles for arms and can constrict up to eight enemies at once.


Message History

You start resting.
HP restored.
Okay, then.
An orc and an orc wizard come into view.
There is a stone staircase leading down here.
An orc wizard comes into view. It is wielding a +0 dagger.
You block the orc's attack.
The orc wizard shouts!
You closely miss the orc wizard. You grab the orc wizard.
You constrict the orc wizard.
You hear a shout!
The orc wizard shouts!
The orc wizard closely misses you.
An orc comes into view. It is wielding a +0 falchion.
The orc hits you with a +0 mace!
You hit the orc wizard.
The orc wizard is poisoned.
You squeeze the orc wizard, but do no damage.
The orc wizard is moderately wounded.
You constrict the orc wizard.
The orc wizard hits you with a +0 dagger.
The orc barely misses you.
The orc wizard points at you and mumbles some strange words.
The puff of flame hits you! The orc closely misses you.
You hit the orc wizard.
The orc wizard looks as sick as possible!
The orc wizard is heavily wounded.
You constrict the orc wizard.
You kill the orc wizard!
You hit the orc but do no damage.
The orc is poisoned.
You grab the orc.
You tentacle-slap the orc, but do no damage.
You constrict the orc. The orc wizard casts a spell at you.
The puff of flame hits you!
* * * LOW HITPOINT WARNING * * *
You block the orc's attack.
You release your grip on the orc.
The orc wizard mumbles some strange words.
The orc wizard flickers and vanishes!
Deactivating autopickup; reactivate with Ctrl-A.
The orc attacks as it pursues you! The orc hits you with a +0 mace.
You die...

#..
#.#.........#
#...
#.#.....#####
#.#.# #.#######
#....##.# ###
#..†.## ##..
#..).<## ##...
#.#)...####..#
#.###....##.###
#....[...@o..)#
#######.#####.#
#.# .# #.# o#
#.. .# ### ##


You could see an orc (very poisoned).

Vanquished Creatures
  A phantom (D:5)
  An iguana (D:5)
  2 orc wizards (D:4)
  6 orcs (D:4)
  An endoplasm (D:4)
  A goblin (D:4)
  2 hobgoblins (D:4)
14 creatures vanquished.

Vanquished Creatures (collateral kills)
  An orc (D:4)
1 creature vanquished.

Grand Total: 15 creatures vanquished

Notes
Turn   | Place    | Note
-------+----------+-------------------------------------------
     0 | D:5      | Azuregosa the Octopode Delver began the quest for the Orb.
     0 | D:5      | Reached XP level 1. HP: 16/16 MP: 1/1
     9 | D:5      | Noticed an iguana
    19 | D:5      | Killed an iguana
    20 | D:5      | Reached skill level 7 in Stealth
    20 | D:5      | Reached XP level 2. HP: 16/21 MP: 2/2
    20 | D:5      | Reached XP level 3. HP: 20/26 MP: 3/3
    61 | D:5      | Learned a level 1 spell: Summon Small Mammal
    76 | D:5      | Noticed a phantom
    95 | D:5      | Killed a phantom
    96 | D:5      | Reached skill level 1 in Spellcasting
    96 | D:5      | Reached skill level 1 in Summonings
    96 | D:5      | Reached XP level 4. HP: 9/31 MP: 2/6
   515 | D:4      | Reached XP level 5. HP: 22/36 MP: 6/8
   585 | D:4      | Slain by an orc

Illustrated notes

Levels and vault maps discovered:
D:4:      layout_basic, minmay_goblin_outpost
D:5:      layout_rooms

Skill      XL: |  1  2  3  4 |
---------------+-------------+-----
Stealth        | 7 |  7.8
Spellcasting   | 1 2 |  2.4
Summonings     | 1 2 |  2.7
Fighting       | |  3.0
Dodging        | |  2.0
Unarmed Combat | |  2.0

Action                     |  1- 3 |  4- 6 || total
---------------------------+-------+-------++-------
  Melee: Unarmed           |    21 |    23 ||    44
         Tentacles         |     4 |     7 ||    11
         Constrict         |     1 |    10 ||    11
         Whip              |       |     4 ||     4
         Punch             |       |     1 ||     1
   Cast: Summon Small Mamm |     2 |     6 ||     8
    Use: Scroll            |     1 |       ||     1
   Stab: Sleeping          |       |     5 ||     5
 Armour: Skin              |     8 |    15 ||    23
  Dodge: Dodged            |     9 |    13 ||    22
  Block: Other             |       |     5 ||     5

Table legend: (Time is in decaauts)
 A = Elapsed time spent in this place.
 B = Non-inter-level travel time spent in this place.
 C = Inter-level travel time spent in this place.
 D = Time resting spent in this place.
 E = Time spent auto-exploring this place.
 F = Levels seen in this place.
 G = Mean time per level.
                   A        B        C        D        E       F      G
               +--------+--------+--------+--------+--------+-----+--------+
         Total |    583 |    583 |      0 |    179 |    188 |   2 |  291.5 |
       Dungeon |    583 |    583 |      0 |    179 |    188 |   2 |  291.5 |
               +--------+--------+--------+--------+--------+-----+--------+

Top non-repeatable levels by time:
     D:4: 380 daAuts
     D:5: 202 daAuts
